 Dungeon Crawl Stone Soup version 0.25.1-9-gc5326a611f (webtiles) character file.

Game seed: 14835194215026043562

4702 sankara the Cleaver (level 10, -3/121 HPs)
             Began as a Hill Orc Fighter on Jan 1, 2021.
             Was an Elder of Okawaru.
             Slain by a rust devil (10 damage)
             ... on level 9 of the Dungeon.
             The game lasted 00:23:39 (8599 turns).

sankara the Cleaver (Hill Orc Fighter)              Turns: 8599, Time: 00:23:40

Health: -3/121     AC:  1    Str: 16    XL:     10   Next: 45%
Magic:  13/13      EV:  2    Int:  8    God:    Okawaru [****..]
Gold:   527        SH: 13    Dex: 19    Spells: 9/9 levels left

rFire    . . .     SeeInvis +   a - +0 war axe
rCold    . . .     Gourm    .   c - +0 kite shield
rNeg     + + +     Faith    .   (armour currently unavailable)
rPois    +         Spirit   .   (helmet currently unavailable)
rElec    .         Reflect  .   (cloak currently unavailable)
rCorr    .         Harm     .   (gloves currently unavailable)
MR       .....     NoTele   +   (boots currently unavailable)
Stlth    +++.......             O - amulet of regeneration
HPRegen  0.70/turn              H - ring of Xemoiv {*Drain Str-4 Dex+6 Slay+6 SInv}
MPRegen  0.13/turn              (no ring)

@: mighty, tree-form, heroism, corroded
A: no striking features
a: Heroism, Renounce Religion


You were on level 9 of the Dungeon.
You worshipped Okawaru.
Okawaru was greatly pleased with you.
You were not hungry.
You were a tree.
You visited 2 branches of the dungeon, and saw 10 of its levels.

You collected 527 gold pieces.

Inventory:

Hand Weapons
 a - a +0 war axe (weapon)
 b - a +2 whip of electrocution
 m - a +0 hunting sling
 p - a +2 dagger of draining
Missiles
 j - 69 sling bullets
 k - 274 stones (quivered)
 G - 30 poisoned darts
 J - a throwing net
 R - 5 boomerangs
Armour
 c - a +0 kite shield (worn)
 t - a +0 helmet (melded)
 F - a +0 cloak (melded)
 I - a +1 chain mail of poison resistance (melded)
Jewellery
 s - an uncursed amulet of guardian spirit
 H - the ring of Xemoiv (left branch) {*Drain Str-4 Dex+6 Slay+6 SInv}
   (You found it on level 4 of the Dungeon)

   [ring of dexterity]

   It affects your strength (-4).
   It affects your dexterity (+6).
   It affects your accuracy and damage with ranged weapons and melee attacks
   (+6).
   It lets you see invisible.
   It causes draining when unequipped.
 O - an amulet of regeneration (around neck)
Wands
 w - a wand of flame (27)
 z - a wand of digging (8)
 B - a wand of random effects (40)
 C - a wand of enslavement (10)
 E - a wand of disintegration (17)
Scrolls
 e - 11 scrolls of identify {unknown}
 g - a scroll of random uselessness {unknown}
 i - 3 scrolls of immolation {unknown}
 o - 9 scrolls of remove curse {unknown}
 r - 6 scrolls of teleportation {unknown}
 x - a scroll of magic mapping {unknown}
 y - 4 scrolls of enchant armour {unknown}
 D - 3 scrolls of fog {unknown}
 K - 2 scrolls of noise {unknown}
 L - 2 scrolls of enchant weapon {unknown}
 M - a scroll of amnesia {unknown}
 P - a scroll of fear {unknown}
Potions
 d - a potion of might
 h - 2 potions of lignification
 l - 3 potions of ambrosia {unknown}
 n - 3 potions of degeneration {unknown}
 q - a potion of invisibility {unknown}
 u - 2 potions of mutation {unknown}
 v - 2 potions of curing {unknown}
 A - a potion of cancellation {unknown}
 N - a potion of haste {unknown}
 Q - 2 potions of brilliance {unknown}
 S - a potion of heal wounds {unknown}
 U - a potion of stabbing {unknown}
Comestibles
 f - 23 rations
 T - 6 chunks of flesh


   Skills:
 - Level 5.0(10.0) Fighting
 * Level 11.6(16.6) Axes
 + Level 8.4(13.4) Armour
 - Level 3.0(8.0) Dodging
 + Level 8.4(13.4) Shields
 - Level 5.0 Invocations
 - Level 3.0 Evocations


You had 9 spell levels left.
You didn't know any spells.
Your spell library contained the following spells:

 Spells                   Type           Power        Failure   Level  Hunger
 Beastly Appendage        Tmut           #.....       47%         1    ##.....
 Corpse Rot               Necr/Air       N/A          63%         2    ###....
 Sticks to Snakes         Tmut           #.......     63%         2    ###....
 Sublimation of Blood     Necr           #.........   63%         2    ###....
 Spider Form              Tmut/Pois      #.........   85%         3    ####...
 Dispel Undead            Necr           #.......     99%         4    #####..
 Ice Form                 Ice/Tmut       #.......     99%         4    #####..
 Agony                    Necr           #.......     100%        5    ######.
 Blade Hands              Tmut           #.........   100%        5    ######.
 Excruciating Wounds      Chrm/Necr      #.........   100%        5    ######.


Dungeon Overview and Level Annotations

Branches:
Dungeon (9/15)             Temple (1/1) D:4            Lair (0/6) D:8
    Orc: D:9-12

Altars:
Ashenzari
Cheibriados
Dithmenos
Elyvilon
Fedhas
Gozag
Hepliaklqana
Kikubaaqudgha
Makhleb
Nemelex Xobeh
Okawaru
Qazlal
Ru
Sif Muna
Trog
Uskayaw
Vehumet
Wu Jian
Xom
Yredelemnul
Zin
The Shining One

Shops:
D:6 [*


Message History

* * * LOW HITPOINT WARNING * * *
The rust devil corrodes you!
Unknown command.
You slash the orc warrior!
You kill the orc warrior!
Okawaru accepts your kill.
You hit the rust devil but do no damage.
Unknown command.
You slash the rust devil!
The rust devil is severely wounded.
The rust devil misses you.
Unknown command.
It was a potion of lignification.
You turn into a tree.
Your +0 cloak melds into your body.
Your +0 helmet melds into your body.
Your +1 chain mail of poison resistance melds into your body.
You no longer feel resistant to poison.
Your roots penetrate the ground.
The rust devil hits you!
* * * LOW HITPOINT WARNING * * *
The rust devil corrodes you! The rust devil hits you!
You die...

#.....+ ....#
#.....# #...#
#######.. #...#
......... #...#
.........
#...######
.#######.
#........#########
.#.....#
#.......^.........
.#.....#
#4###########.....
.'.....#.# #♣#
#..... .##+####.#
#4# #.....
.........# #.#
#..... .........#
..# #....#
.......... ...#
###### ..........
....# . ..........
.....# #
.......... .......
...........[......


You could see 2 rust devils.

Vanquished Creatures
  Pikel (D:4)
  Psyche (D:8)
  A centaur skeleton (D:9)
  A troll (D:9)
  Prince Ribbit (D:5)
  A hippogriff (D:9)
  Eustachio (D:5)
  Sigmund (D:3)
  Grum (D:8)
  A hungry ghost (D:7)
  Edmund (D:5)
  2 orc warriors
  3 ice beasts
  2 sky beasts (D:8)
  An ogre (D:8)
  3 wolves (D:8)
  2 centaurs (D:9)
  A crocodile (D:9)
  A big kobold (D:8)
  2 bullfrogs
  2 scorpions
  A howler monkey (D:6)
  3 crimson imps
  2 quasits
  A centaur zombie (D:9)
  3 bullfrog zombies
  A hound (D:9)
  An orc wizard (D:8)
  Ijyb (D:3)
  9 worker ants
  Natasha (D:4)
  An iguana (D:6)
  A worker ant zombie (D:9)
  Robin (D:3)
  4 gnolls (D:6)
  10 adders
  An ooze (D:1)
  2 adder skeletons
  A worm (D:3)
  A dart slug (D:1)
  3 leopard geckos
  13 orcs
  A ball python (D:2)
  10 bats
  5 giant cockroaches
  14 goblins
  13 hobgoblins
  14 jackals
  3 quokkas
  4 frilled lizards
  12 kobolds
  9 rats
176 creatures vanquished.

Vanquished Creatures (others)
  A scorpion (D:4)
  Natasha (twice) (D:4)
  An adder (D:4)
  An orc (D:4)
  A giant cockroach (D:4)
  2 jackals (D:4)
8 creatures vanquished.

Grand Total: 184 creatures vanquished

Notes
Turn   | Place    | Note
-------+----------+-------------------------------------------
     0 | D:1      | sankara the Hill Orc Fighter began the quest for the Orb.
     0 | D:1      | Reached XP level 1. HP: 19/19 MP: 1/1
    26 | D:1      | Reached XP level 2. HP: 21/27 MP: 2/2
   121 | D:1      | Reached skill level 3 in Axes
   325 | D:1      | Reached XP level 3. HP: 32/33 MP: 3/3
  1175 | D:2      | Reached XP level 4. HP: 40/40 MP: 4/4
  1198 | D:2      | Found a shimmering blue altar of Sif Muna.
  2136 | D:3      | Reached skill level 4 in Axes
  2199 | D:3      | Found an iron altar of Okawaru.
  2212 | D:3      | Became a worshipper of Warmaster Okawaru
  2222 | D:3      | Noticed Robin
  2234 | D:3      | Killed Robin
  2234 | D:3      | Reached XP level 5. HP: 38/47 MP: 3/5
  2389 | D:3      | Noticed Ijyb
  2402 | D:3      | Killed Ijyb
  2655 | D:3      | You fall into a shaft and drop 1 floor!
  2672 | D:3      | Noticed Sigmund
  2707 | D:3      | Killed Sigmund
  2707 | D:3      | Reached * piety under Okawaru
  2707 | D:3      | Reached skill level 5 in Fighting
  2707 | D:3      | Reached skill level 5 in Axes
  2707 | D:3      | Reached XP level 6. HP: 34/56 MP: 4/6
  2829 | D:3      | Found a shimmering altar of Xom.
  2879 | D:3      | Found a shimmering altar of Xom.
  2880 | D:3      | Found a shimmering altar of Xom.
  2880 | D:3      | Found a shimmering altar of Xom.
  2880 | D:3      | Found a shimmering altar of Xom.
  3192 | D:4      | Found a staircase to the Ecumenical Temple.
  3202 | Temple   | Entered the Ecumenical Temple
  3382 | D:4      | Found a stormy altar of Qazlal.
  3416 | D:4      | Noticed a slave
  3416 | D:4      | Noticed a slave
  3416 | D:4      | Noticed Pikel
  3417 | D:4      | Noticed a slave
  3417 | D:4      | Noticed a slave
  3442 | D:4      | Killed Pikel
  3442 | D:4      | Reached ** piety under Okawaru
  3442 | D:4      | Reached skill level 6 in Axes
  3442 | D:4      | Reached skill level 5 in Armour
  3442 | D:4      | Reached skill level 5 in Shields
  3442 | D:4      | Reached XP level 7. HP: 13/61 MP: 1/7
  3835 | D:4      | Killed Natasha
  3878 | D:4      | Found a sparkling altar of Nemelex Xobeh.
  3954 | D:4      | Got a clouded amber ring
  3955 | D:4      | Identified the ring of Xemoiv {*Drain Str-4 Dex+6 Slay+6
                  | SInv} (You found it on level 4 of the Dungeon)
  4071 | D:4      | Noticed Natasha
  4077 | D:4      | Killed Natasha
  4077 | D:4      | Reached XP level 8. HP: 65/68 MP: 8/8
  4122 | D:4      | Killed Natasha
  4349 | D:4      | Reached skill level 7 in Axes
  4424 | D:5      | Entered Level 5 of the Dungeon
  4478 | D:5      | Noticed Edmund
  4488 | D:5      | Killed Edmund
  4686 | D:5      | Found an ornate altar of the Wu Jian Council.
  4818 | D:5      | Noticed Prince Ribbit
  4958 | D:5      | Killed Prince Ribbit
  4958 | D:5      | Reached *** piety under Okawaru
  4958 | D:5      | Reached skill level 8 in Axes
  4958 | D:5      | Reached skill level 1 in Invocations
  5024 | D:5      | Reached skill level 1 in Evocations
  5169 | D:5      | Found a white marble altar of Elyvilon.
  5242 | D:5      | Noticed Eustachio
  5259 | D:5      | Killed Eustachio
  5401 | D:6      | Found a shattered altar of Ashenzari.
  5438 | D:6      | Found Icuemena's Lightly-Used Armoury.
  5482 | D:6      | Found Jiyjof's Armour Shop.
  5753 | D:6      | Reached skill level 9 in Axes
  5753 | D:6      | Reached XP level 9. HP: 72/74 MP: 10/10
  6353 | D:7      | Found an opulent altar of Gozag.
  6819 | D:8      | Found a staircase to the Lair.
  6884 | D:8      | Reached skill level 1 in Dodging
  7116 | D:8      | Noticed Psyche
  7124 | D:8      | Killed Psyche
  7132 | D:8      | Reached **** piety under Okawaru
  7132 | D:8      | Reached skill level 10 in Axes
  7243 | D:8      | Noticed Grum
  7262 | D:8      | Killed Grum
  7621 | D:8      | Found a radiant altar of Vehumet.
  7752 | D:8      | Reached XP level 10. HP: 79/81 MP: 10/13
  8083 | D:9      | Reached skill level 5 in Invocations
  8137 | D:9      | Reached skill level 11 in Axes
  8577 | D:8      | Noticed a rust devil
  8577 | D:8      | Noticed a rust devil
  8599 | D:9      | Slain by a rust devil

Illustrated notes

Levels and vault maps discovered:
D:1:      co_arrival_square_in_a_square_in_a_square, layout_basic,
          serial_bayou_ford_a, hangedman_decor_clover_reticule
D:2:      layout_basic, lemuel_blue_sif_altar, first_ration
D:3:      layout_loops_ring, lemuel_coloured_pillars_altar, xom_butterflies,
          xom_redecorated, uniq_sigmund, uniq_ijyb, uniq_robin
D:4:      layout_basic, nemelex_altar_shiori, lemuel_doored_altar,
          minmay_temple_entry_junction, kennysheep_small_square, uniq_natasha,
          uniq_pikel
D:5:      layout_loops_ring, overflow_temple_1_default, kennysheep_mini_moat,
          kennysheep_generic_room_5, uniq_prince_ribbit1, uniq_edmund,
          uniq_eustachio
D:6:      layout_loops_ring, lemuel_crystal_altar, serial_shops,
          nicolae_shop_competitors_out_of_business, minmay_shop_damaged,
          eino_small_chamber_without_monster
D:7:      layout_loops_ring, nicolae_gozag_cash_rules_everything_around_me
D:8:      cheibrodos_iron_armory, layout_basic, vehumet_crystals,
          lair_entry_dummy, grunt_ogre_cave, uniq_psyche, uniq_grum
D:9:      layout_irregular_city, grunt_ministairs_13
Temple:   nicolae_temple_hex_pool

Skill      XL: |  1  2  3  4  5  6  7  8  9 10 |
---------------+-------------------------------+-----
Axes           | 3 4 5 6 9 10 11 | 11.6
Fighting       | 4 5 |  5.0
Shields        | 4 5 6 7 8 |  8.4
Armour         | 4 5 6 7 8 |  8.4
Invocations    | 2 4 5 |  5.0
Evocations     | 2 3 |  3.0
Dodging        | 2 3 |  3.0

Action                   |  1- 3 |  4- 6 |  7- 9 | 10-12 || total
-------------------------+-------+-------+-------+-------++-------
Melee: War axe           |   136 |   149 |   263 |   101 ||   649
Invok: Heroism           |       |       |     5 |     2 ||     7
Evoke: Wand              |       |     2 |     1 |       ||     3
  Use: Potion            |       |       |       |     2 ||     2
  Eat: Chunk             |     1 |     7 |    15 |     4 ||    27
Armor: Scale mail        |    96 |    66 |     8 |       ||   170
       Chain mail        |       |       |    98 |    39 ||   137
Dodge: Dodged            |    61 |    54 |    51 |    22 ||   188
Block: Kite shield       |   112 |    61 |   125 |    67 ||   365
